 Dungeon Crawl Stone Soup version 0.31.0-11-ge490571c62 (webtiles) character file.

Game seed: 6304212041903791256

252632 Ashen the Covert (level 19, -6/151 HPs)
             Began as a Gnoll Enchanter on Feb 7, 2024.
             Was a Priest of Uskayaw.
             Shot with an arrow by a deep elf master archer (15 damage)
             ... on level 1 of the Elven Halls.
             The game lasted 02:35:58 (48987 turns).

Ashen the Covert (Gnoll Enchanter)                 Turns: 48987, Time: 02:36:05

Health: -6/151     AC: 20    Str:  8    XL:     19   Next: 69%
Magic:  31/37      EV: 22    Int: 19    God:    Uskayaw [***...]
Gold:   1432       SH:  0    Dex: 20    Spells: 5/47 levels left

rFire   + . .        w - +1 quick blade "Xonolexi" {elec, Int+4}
rCold   + + .        (no shield)
rNeg    + . .        I - +5 robe of Night {Dark Will+ SInv}
rPois   .            L - +2 helmet
rElec   .            C - scarf {rC+ rF+}
rCorr   .            B - +2 pair of gloves
SInv    +            Y - +3 pair of mountain boots {steadfast, rC+}
Will    +++..        f - amulet of magic regeneration
Stlth   ++++++       Z - ring of willpower
HPRegen 0.45/turn    G - ring of Impatience {^Drain Fly rN+ Slay+6}
MPRegen 0.65/turn

%: no passive effects
@: flying
A: fangs 1, strong nose, distributed training
}: 2/15 runes: barnacled, gossamer
a: Renounce Religion, Stomp, Line Pass


You were on level 1 of the Elven Halls.
You worshipped Uskayaw.
Uskayaw was pleased with you.
You visited 7 branches of the dungeon, and saw 32 of its levels.
You also visited: Sewer and Volcano.

You collected 4487 gold pieces.
You spent 3055 gold pieces at shops.

Inventory:

Hand Weapons
 n - the +7 rapier "Buq Sepp" {pain, SInv}
   (You found it on level 3 of the Dungeon)

   SInv:      It lets you see invisible.
 t - a +3 demon trident of draining
 w - the +1 quick blade "Xonolexi" (weapon) {elec, Int+4}
   (You bought it in a shop on level 2 of the Orcish Mines)

   Int+4:     It affects your intelligence (+4).
 O - a +1 demon whip of freezing
 U - a +8 quick blade of flaming
Missiles
 b - 69 poisoned darts (quivered)
 u - 7 throwing nets
 K - 5 curare-tipped darts
 T - 5 atropa-tipped darts
Armour
 B - a +2 pair of gloves (worn)
 C - a scarf of resistance (worn)
 I - the +5 robe of Night (worn) {Dark Will+ SInv}
   (You found it on level 7 of the Dungeon)

   Dark:      It shrouds the wearer in darkness, reducing the range at which
   they can see and be seen by others.
   Will+:     It increases your willpower.
   SInv:      It lets you see invisible.
 L - a +2 helmet (worn)
 Q - a +1 kite shield of reflection
 Y - the +3 pair of mountain boots (worn) {steadfast, rC+}
   (You bought it in a shop on level 14 of the Dungeon)

   Steadfast: It prevents involuntary movement, except for blinking,
   teleportation, or banishment.
   rC+:       It protects you from cold.
Jewellery
 f - an amulet of magic regeneration (around neck)
 v - an amulet of reflection
 G - the ring of Impatience (right hand) {^Drain Fly rN+ Slay+6}
   (You bought it in a shop on level 2 of the Dungeon)

   [ring of flight]

   Slay+6:    It affects your accuracy & damage with ranged weapons and melee
   (+6).
   rN+:       It protects you from negative energy.
   Fly:       It grants you flight.
   ^Drain:    It drains your maximum health when unequipped.
 J - a ring of willpower
 S - a ring of positive energy
 Z - a ring of willpower (left hand)
Wands
 l - a wand of charming (36)
 D - a wand of roots (26)
 E - a wand of polymorph (25)
 H - a wand of flame (41)
 M - a wand of mindburst (8)
 P - a wand of quicksilver (20)
Scrolls
 d - 6 scrolls of poison
 g - a scroll of noise
 i - 11 scrolls of teleportation
 o - a scroll of silence
 p - 8 scrolls of vulnerability
 q - a scroll of torment
 r - 2 scrolls of butterflies
 s - 3 scrolls of immolation
 A - 5 scrolls of fog
 R - 6 scrolls of revelation
 V - a scroll of amnesia
 W - a scroll of fear
Potions
 a - 5 potions of ambrosia
 c - 7 potions of invisibility
 e - a potion of berserk rage
 h - 10 potions of lignification
 j - 6 potions of enlightenment
 k - 8 potions of curing
 m - 7 potions of mutation
 x - 5 potions of haste
 y - a potion of resistance
 z - 6 potions of brilliance
 F - 4 potions of might
 N - 4 potions of attraction
 X - 3 potions of cancellation


   Skills:
 + Level 13.7 Fighting
 + Level 13.9 Short Blades
 + Level 13.7 Long Blades
 + Level 13.7 Axes
 + Level 13.7 Maces & Flails
 + Level 13.7 Polearms
 + Level 13.7 Staves
 + Level 13.7 Ranged Weapons
 + Level 13.7 Throwing
 + Level 13.7 Armour
 + Level 14.4 Dodging
 + Level 14.8 Stealth
 + Level 13.7 Shields
 + Level 13.7 Unarmed Combat
 + Level 14.5 Spellcasting
 + Level 11.6 Conjurations
 + Level 12.8 Hexes
 + Level 11.6 Summonings
 + Level 11.6 Necromancy
 + Level 11.6 Translocations
 + Level 11.6 Fire Magic
 + Level 11.6 Ice Magic
 + Level 11.6 Air Magic
 + Level 11.6 Earth Magic
 + Level 11.6 Alchemy
 + Level 14.8 Invocations
 + Level 13.7 Evocations
 + Level 12.6 Shapeshifting


You had 5 spell levels left.
You knew the following spells:

 Your Spells              Type           Power      Damage    Failure   Level
a - Ensorcelled Hibernat  Hex/Ice        100%       N/A       1%          2
b - Confusing Touch       Hex            58%        N/A       1%          3
c - Tukima's Dance        Hex            58%        N/A       1%          3
d - Dazzling Flash        Conj/Hex       100%       N/A       1%          3
e - Yara's Violent Unrav  Hex/Alch       28%        3d12      1%          5
f - Mephitic Cloud        Conj/Alch/Air  55%        N/A       1%          3
g - Animate Dead          Necr           55%        N/A       1%          4
h - Death Channel         Necr           27%        N/A       6%          6
i - Enfeeble              Hex            29%        N/A       21%         7
j - Dispersal             Tloc           27%        N/A       6%          6

Your spell library contained the following spells:

 Spells                   Type           Power      Damage    Failure   Level
 Freeze                   Ice            100%       1d10      1%          1
 Shock                    Conj/Air       100%       1d9       1%          1
 Sting                    Conj/Alch      100%       1d9       1%          1
 Summon Small Mammal      Summ           100%       N/A       1%          1
 Jinxbite                 Hex            100%       N/A       1%          2
 Mercury Vapours          Alch/Air       100%       N/A       1%          2
 Static Discharge         Conj/Air       100%       3-8/arc   1%          2
 Frozen Ramparts          Ice            100%       1d16      1%          3
 Fugue of the Fallen      Necr           55%        N/A       1%          3
 Gell's Gravitas          Tloc           55%        N/A       1%          3
 Hailstorm                Conj/Ice       55%        3d11      1%          3
 Inner Flame              Hex/Fire       57%        N/A       1%          3
 Ozocubu's Armour         Ice            55%        N/A       1%          3
 Passwall                 Erth           55%        N/A       1%          3
 Stone Arrow              Conj/Erth      100%       3d13      1%          3
 Summon Ice Beast         Ice/Summ       55%        N/A       1%          3
 Swiftness                Air            55%        N/A       1%          3
 Teleport Other           Tloc           55%        N/A       1%          3
 Airstrike                Air            27%        2d(4-20)  1%          4
 Animate Armour           Summ/Erth      100%       N/A       1%          4
 Brom's Barrelling Bould  Conj/Erth      55%        2d7       1%          4
 Manifold Assault         Tloc           55%        N/A       1%          4
 Olgreb's Toxic Radiance  Alch           55%        N/A       1%          4
 Summon Blazeheart Golem  Fire/Summ      55%        N/A       1%          4
 Summon Lightning Spire   Summ/Air       55%        N/A       1%          4
 Borgnjor's Vile Clutch   Necr/Erth      27%        N/A       1%          5
 Fireball                 Conj/Fire      27%        3d12      1%          5
 Freezing Cloud           Conj/Ice/Air   27%        6-21      1%          5
 Irradiate                Conj/Alch      27%        3d20      1%          5
 Iskenderun's Battlesphe  Conj           55%        2d11      1%          5
 Metabolic Englaciation   Hex/Ice        28%        N/A       1%          5
 Silence                  Hex/Air        28%        N/A       1%          5
 Summon Mana Viper        Hex/Summ       57%        N/A       1%          5
 Conjure Ball Lightning   Conj/Air       27%        3x3d8     6%          6
 Malign Gateway           Summ/Tloc      27%        N/A       32%         7
 Monstrous Menagerie      Summ           27%        N/A       32%         7
 Orb of Destruction       Conj           27%        9d9       32%         7
 Ignition                 Fire           27%        3d9       95%         8
 Lehudib's Crystal Spear  Conj/Erth      27%        10d7      95%         8
 Summon Horrible Things   Summ           27%        N/A       95%         8


Dungeon Overview and Level Annotations

Branches:
Dungeon (15/15)            Temple (1/1) D:5            Lair (5/5) D:8
 Shoals (4/4) Lair:2       Spider (4/4) Lair:3        Slime (0/5) Lair:4
    Orc (2/2) D:11            Elf (1/3) Orc:2        Vaults (0/5) D:13
 Depths (0/4) D:15          Sewer (visited)         Volcano (visited)

Altars:
Ashenzari
Cheibriados
Dithmenos
Elyvilon
Fedhas
Gozag
Hepliaklqana
Kikubaaqudgha
Makhleb
Nemelex Xobeh
Okawaru
Qazlal
Ru
Sif Muna
Trog
Uskayaw
Vehumet
Wu Jian
Xom
Yredelemnul
Zin
The Shining One

Shops:
D:2 *   D:14 :[(=*   D:15 *   Orc:2 (?!=   Elf:1 [

Annotations:
D:12 3 runed translucent doors, Kenran's ghost, journeyman MfSh


Innate Abilities, Weirdness & Mutations

You have very sharp teeth.
Your uncanny sense of smell can sniff out nearby items.
Your experience applies equally to all skills.


Message History

You assume a fearsome visage.
The deep elf zephyrmancer looks frightened!
The deep elf archer looks frightened! x2
The deep elf master archer resists with almost no effort.
The deep elf zephyrmancer casts a spell.
The deep elf zephyrmancer blinks!
The deep elf archer mumbles some strange words.
The deep elf archer blinks!
The deep elf archer gestures wildly while chanting.
The deep elf archer blinks!
The deep elf master archer shoots an arrow.
The arrow hits you!!
* * * LOW HITPOINT WARNING * * *
The deep elf master archer shoots an arrow.
The arrow hits you!
* * * LOW HITPOINT WARNING * * *
Okay, then.
Press: ? - help, v - describe, . - travel
Here: a deep elf master archer, wielding a +0 longbow and wearing a +0 leather armour A huge open translucent gate.
Casting: Ensorcelled Hibernation (safe; 1% risk of failure)
Confirm with . or Enter, or press ? or * to list all spells.
Aiming: Ensorcelled Hibernation (safe; 1% risk of failure)
Press: ? - help, Shift-Dir - straight line, f - deep elf master archer
Aim: a deep elf master archer, wielding a +0 longbow and wearing a +0 leather armour (chance to affect: 10%)
Okay, then.
Casting: Ensorcelled Hibernation (safe; 1% risk of failure)
Confirm with . or Enter, or press ? or * to list all spells.
Casting: Dispersal (dangerous; 6% risk of failure)
Press: ? - help, Dir - look around, f - activate Look: a deep elf master archer, wielding a +0 longbow and wearing a +0 leather armour (chance to teleport: 12%)
The deep elf master archer blinks!
The deep elf zephyrmancer gestures wildly while chanting.
The deep elf zephyrmancer blinks!
The deep elf archer cries, "Mercy!"
The deep elf archer mumbles some strange words.
The deep elf archer blinks!
The deep elf master archer shoots an arrow.
The arrow hits you!
You die...

#.........############.#######
#..#.#.#.###### #.. #.#
#..#.#[#.#)...##e. #.#
##.........''''.... #.#
#######.'§'#e§.... #.#
##'.$$.'#... #.# #'.!/§'##..
#.# §'$#'''.######.#
(e''§'@.).).....#
##.§..#.#.#.#..#
######.#.#.#..# ........##
##########


You could see a deep elf master archer and a deep elf zephyrmancer (fleeing).

Vanquished Creatures
  Rupert (Lair:5)
  Jorgrun (Orc:2)
  Polyphemus (Shoals:2)
  A kraken (Shoals:3)
  Agnes (Spider:2)
  Donald (Shoals:2)
  A storm dragon (Shoals:4)
  A fire giant (D:14)
  A deep elf sorcerer (Elf:1)
  4 ghost moths
  5 emperor scorpions
  Louise (Spider:1)
  4 broodmothers
  A stone giant (D:15)
  A deep elf annihilator (Elf:1)
  2 spark wasps
  8 merfolk impalers
  An ettin (D:11)
  4 entropy weavers
  6 merfolk javelineers (Shoals:4)
  5 hydras
  2 ogre magi (Orc:2)
  A rakshasa (D:14)
  An ice dragon (D:11)
  4 catoblepae
  6 centaur warriors
  4 merfolk avatars
  3 radroaches (Spider:3)
  3 satyrs
  11 two-headed ogres
  5 boulder beetles
  4 alligator snapping turtles
  5 merfolk aquamancers (Shoals:4)
  5 dancing weapons
  3 death yaks (Shoals:2)
  6 demonic crawlers
  2 orc high priests (Orc:2)
  4 tengu warriors (D:15)
  Urug (D:11)
  Amaemon (D:11)
  Sonja (D:11)
  4 deep elf knights (Elf:1)
  Nergalle (D:11)
  5 pharaoh ants
  2 skysharks
  A skeletal warrior (D:13)
  4 sun moths
  2 deep trolls (Orc:2)
  An arcanist (D:15)
  A glowing orange brain (D:12)
  7 sea snakes
  10 deep elf archers
  10 orb spiders
  4 steelbarb worms
  5 orc knights
  Pikel (D:5)
  A phantasmal warrior (D:15)
  18 harpies
  28 wolf spiders
  13 ugly things
  13 deep elf pyromancers
  7 deep elf zephyrmancers
  3 lindwurms
  10 fauns
  5 cyclopes
  10 manticores
  4 orc sorcerers
  7 moths of wrath
  9 meliai
  3 merfolk sirens
  4 molten gargoyles (Volcano)
  Joseph (D:9)
  An elephant (shapeshifter) (D:12)
  Maurice (D:7)
  5 black mambas
  6 elephants (Lair:4)
  3 torpor snails
  10 water nymphs
  4 centaur skeletons (D:13)
  2 gargoyles
  13 cane toads
  An orange demon (D:11)
  6 unseen horrors
  3 kobold demonologists
  A rime drake (shapeshifter) (D:15)
  2 efreet
  A rime drake (Lair:3)
  12 komodo dragons
  11 yaktaurs
  11 merfolk
  15 trolls
  7 wind drakes
  8 polar bears
  11 hornets
  18 blink frogs
  24 dream sheep
  32 tarantellas
  10 snapping turtles
  4 slime creatures (Lair:4)
  20 culicivoras
  2 vampires
  Sigmund (D:6)
  2 shadows (D:7)
  10 jumping spiders
  12 spriggans (Lair:5)
  A centaur simulacrum (D:14)
  8 air elementals
  20 water elementals
  3 fire elementals
  3 wraiths
  3 fire bats (Lair:5)
  4 wyverns
  4 basilisks
  65 yaks
  11 wargs
  A steam dragon (D:9)
  2 vampire mosquitoes (D:8)
  Grum (D:8)
  63 redbacks
  Duvessa (D:6)
  An acid dragon (D:7)
  26 orc warriors
  11 water moccasins
  7 black bears
  An ice beast (shapeshifter) (D:14)
  3 sky beasts
  A hornet zombie (D:6)
  19 ogres
  32 wolves
  3 boggarts (Lair:5)
  12 centaurs
  5 phantoms
  3 lemures (D:5)
  Blork the orc (D:6)
  6 kobold brigands
  16 bullfrogs
  2 earth elementals (Volcano)
  A wyvern zombie (D:6)
  A wyvern skeleton (D:6)
  6 scorpions
  3 wights (D:9)
  Dowan (D:6)
  10 killer bees
  3 howler monkeys
  An electric eel (Spider:4)
  2 bombardier beetles
  3 jellies
  14 orc priests
  4 hounds
  A sleepcap (D:6)
  2 bullfrog skeletons (D:6)
  2 gnoll boudas
  Jessica (D:2)
  31 orc wizards
  6 iguanas
  7 gnolls
  A howler monkey zombie (D:6)
  3 adders
  2 river rats (Sewer)
  3 ufetubi (D:6)
  3 ribbon worms
  A dart slug (D:2)
  72 orcs
  7 endoplasms
  5 giant cockroaches
  5 goblins
  8 hobgoblins
  10 jackals
  3 quokkas
  7 ball pythons
  8 bats
  5 frilled lizards
  20 kobolds
  7 rats
  A butterfly (D:5)
  4 tentacles (Shoals:3)
1199 creatures vanquished.

Vanquished Creatures (collateral kills)
  A wind drake (Shoals:2)
  An orc (Orc:1)
2 creatures vanquished.

Vanquished Creatures (others)
  A yaktaur (D:15)
  A rime drake (D:11)
  An orc priest (Orc:1)
  An orc wizard (D:7)
  An orc (D:6)
  A kobold (D:7)
  4 tentacles (Shoals:3)
10 creatures vanquished.

Grand Total: 1211 creatures vanquished

Notes
Turn   | Place    | Note
-------+----------+-------------------------------------------
     0 | D:1      | Ashen the Gnoll Enchanter began the quest for the Orb.
     0 | D:1      | Reached XP level 1. HP: 13/13 MP: 6/6
   169 | D:1      | Reached XP level 2. HP: 11/19 MP: 7/7
   193 | D:1      | Learned a level 2 spell: Ensorcelled Hibernation
   637 | D:1      | Reached skill level 5 in Spellcasting
   637 | D:1      | Reached XP level 3. HP: 25/25 MP: 7/9
  1160 | D:2      | Noticed Jessica
  1168 | D:2      | Killed Jessica
  1169 | D:2      | Reached skill level 1 in Fighting
  1169 | D:2      | Reached skill level 1 in Long Blades
  1169 | D:2      | Reached skill level 1 in Axes
  1169 | D:2      | Reached skill level 1 in Maces & Flails
  1169 | D:2      | Reached skill level 1 in Polearms
  1169 | D:2      | Reached skill level 1 in Staves
  1169 | D:2      | Reached skill level 1 in Ranged Weapons
  1169 | D:2      | Reached skill level 1 in Throwing
  1169 | D:2      | Reached skill level 1 in Armour
  1169 | D:2      | Reached skill level 1 in Shields
  1169 | D:2      | Reached skill level 1 in Unarmed Combat
  1169 | D:2      | Reached skill level 1 in Invocations
  1169 | D:2      | Reached skill level 1 in Evocations
  1169 | D:2      | Reached skill level 1 in Shapeshifting
  1169 | D:2      | Reached XP level 4. HP: 32/32 MP: 11/11
  1173 | D:2      | Learned a level 3 spell: Confusing Touch
  1177 | D:2      | Learned a level 3 spell: Tukima's Dance
  1181 | D:2      | Learned a level 3 spell: Dazzling Flash
  1212 | D:2      | You fall into a shaft and drop 1 floor!
  1252 | D:3      | Found a glowing drain.
  1256 | Sewer    | Entered a sewer
  1269 | Sewer    | Reached skill level 1 in Conjurations
  1269 | Sewer    | Reached skill level 1 in Summonings
  1269 | Sewer    | Reached skill level 1 in Necromancy
  1269 | Sewer    | Reached skill level 1 in Translocations
  1269 | Sewer    | Reached skill level 1 in Fire Magic
  1269 | Sewer    | Reached skill level 1 in Ice Magic
  1269 | Sewer    | Reached skill level 1 in Air Magic
  1269 | Sewer    | Reached skill level 1 in Earth Magic
  1269 | Sewer    | Reached skill level 1 in Alchemy
  1381 | Sewer    | Noticed a kobold brigand
  1654 | Sewer    | Found a white marble altar of Elyvilon.
  1687 | Sewer    | Killed a kobold brigand
  1688 | Sewer    | Reached XP level 5. HP: 19/37 MP: 7/12
  1805 | D:3      | Identified the +7 rapier "Buq Sepp" {pain, SInv}
  2069 | D:2      | Found Xusutt's General Store.
  2076 | D:2      | Bought a scroll of immolation for 40 gold pieces
  2604 | D:3      | Found a snail-covered altar of Cheibriados.
  2988 | D:4      | Reached XP level 6. HP: 44/44 MP: 13/13
  2997 | D:4      | Found a sacrificial altar of Ru.
  3008 | D:4      | Found an opulent altar of Gozag.
  3100 | D:4      | Found a sparkling altar of Nemelex Xobeh.
  3205 | D:4      | Reached skill level 5 in Dodging
  3670 | D:5      | Entered Level 5 of the Dungeon
  3740 | D:5      | Reached XP level 7. HP: 50/50 MP: 15/15
  3749 | D:5      | Found a staircase to the Ecumenical Temple.
  3759 | Temple   | Entered the Ecumenical Temple
  3770 | Temple   | Became a worshipper of Uskayaw the Reveller
  3816 | D:5      | Reached * piety under Uskayaw
  3826 | D:5      | Found an ancient bone altar of Kikubaaqudgha.
  3911 | D:5      | Reached ** piety under Uskayaw
  4078 | D:5      | Got Qank's Teachings on Hindering Ouranomancy
  4111 | D:5      | Learned a level 5 spell: Yara's Violent Unravelling
  4177 | D:5      | Noticed Pikel
  4773 | D:6      | Reached XP level 8. HP: 25/58 MP: 11/16
  4876 | D:6      | Reached *** piety under Uskayaw
  4887 | D:6      | Reached **** piety under Uskayaw
  4903 | D:6      | Noticed Sigmund
  5198 | D:6      | Noticed Duvessa
  5201 | D:6      | Noticed Dowan
  5212 | D:6      | Killed Duvessa
  5223 | D:6      | Killed Dowan
  5592 | D:5      | Killed Pikel
  5593 | D:5      | Reached XP level 9. HP: 49/65 MP: 14/18
  5600 | D:5      | Found a staircase to the Ecumenical Temple.
  5658 | D:6      | Killed Sigmund
  5659 | D:6      | Reached skill level 5 in Short Blades
  5985 | D:6      | Noticed Blork the orc
  6067 | D:6      | Killed Blork the orc
  6295 | D:6      | Reached skill level 5 in Invocations
  7081 | D:7      | Noticed Maurice
  7096 | D:7      | Killed Maurice
  7104 | D:7      | Reached ***** piety under Uskayaw
  7392 | D:7      | Reached skill level 5 in Fighting
  7392 | D:7      | Reached skill level 5 in Long Blades
  7392 | D:7      | Reached skill level 5 in Axes
  7392 | D:7      | Reached skill level 5 in Maces & Flails
  7392 | D:7      | Reached skill level 5 in Polearms
  7392 | D:7      | Reached skill level 5 in Staves
  7392 | D:7      | Reached skill level 5 in Ranged Weapons
  7392 | D:7      | Reached skill level 5 in Throwing
  7392 | D:7      | Reached skill level 5 in Armour
  7392 | D:7      | Reached skill level 5 in Shields
  7392 | D:7      | Reached skill level 5 in Unarmed Combat
  7392 | D:7      | Reached skill level 5 in Evocations
  7392 | D:7      | Reached XP level 10. HP: 67/74 MP: 5/20
  7776 | D:7      | Noticed a two-headed ogre
  7785 | D:7      | Killed a two-headed ogre
  8026 | D:7      | Reached skill level 5 in Shapeshifting
  8135 | D:7      | Found an ornate altar of the Wu Jian Council.
  8545 | D:7      | Found the +5 robe of Night {Dark Will+ SInv}
  8737 | D:8      | Noticed Grum
  8751 | D:8      | Killed Grum
  8752 | D:8      | Reached skill level 5 in Conjurations
  8752 | D:8      | Reached skill level 5 in Summonings
  8752 | D:8      | Reached skill level 5 in Necromancy
  8752 | D:8      | Reached skill level 5 in Translocations
  8752 | D:8      | Reached skill level 5 in Fire Magic
  8752 | D:8      | Reached skill level 5 in Ice Magic
  8752 | D:8      | Reached skill level 5 in Air Magic
  8752 | D:8      | Reached skill level 5 in Earth Magic
  8752 | D:8      | Reached skill level 5 in Alchemy
  8753 | D:8      | Reached XP level 11. HP: 63/81 MP: 17/22
  9452 | D:8      | Found a staircase to the Lair.
 10277 | D:9      | Reached ****** piety under Uskayaw
 10485 | D:9      | Noticed Joseph
 10492 | D:9      | Killed Joseph
 10695 | D:9      | Identified the +0 robe "Oleheabb" {Str+2}
 10794 | D:9      | Found a glowing golden altar of the Shining One.
 10923 | D:10     | Entered Level 10 of the Dungeon
 11039 | D:10     | Found a blossoming altar of Fedhas.
 11728 | D:11     | Noticed a cyclops
 11731 | D:11     | Killed a cyclops
 11732 | D:11     | Reached XP level 12. HP: 91/91 MP: 20/24
 11779 | D:11     | Noticed Urug
 11796 | D:11     | Found a staircase to the Orcish Mines.
 11805 | D:11     | Noticed Amaemon
 11820 | D:11     | Killed Amaemon
 11979 | D:11     | Noticed a centaur warrior
 11985 | D:11     | Found a hide-covered altar of Uskayaw.
 11989 | D:11     | Killed a centaur warrior
 12267 | D:11     | Killed Urug
 12388 | D:11     | Noticed a two-headed ogre
 12393 | D:11     | Killed a two-headed ogre
 12468 | D:11     | Noticed Sonja
 12471 | D:11     | Killed Sonja
 12520 | D:11     | Noticed an ice dragon
 12639 | Lair:1   | Entered Level 1 of the Lair of Beasts
 13002 | Lair:1   | Noticed a boulder beetle
 13013 | Lair:1   | Killed a boulder beetle
 13031 | Lair:1   | Reached skill level 10 in Stealth
 13539 | Lair:1   | Learned a level 3 spell: Mephitic Cloud
 13966 | Lair:2   | Reached XP level 13. HP: 96/98 MP: 22/26
 14239 | Lair:2   | Found a staircase to the Shoals.
 15170 | Lair:3   | Reached skill level 10 in Spellcasting
 15181 | Lair:3   | Found a hole to the Spider Nest.
 15794 | Lair:3   | Reached skill level 10 in Dodging
 16817 | Lair:4   | Reached skill level 10 in Invocations
 16817 | Lair:4   | Reached XP level 14. HP: 104/108 MP: 11/28
 16932 | Lair:4   | Found a staircase to the Slime Pits.
 17265 | Lair:4   | Identified the +2 pair of boots of Goix Cou {rPois Str+4}
 17450 | D:2      | Bought the ring of Impatience {^Drain Fly rN+ Slay+6} for
                  | 483 gold pieces
 18089 | Lair:5   | Entered Level 5 of the Lair of Beasts
 18141 | Lair:5   | Noticed Rupert
 18545 | Lair:5   | Found a dark tunnel.
 18553 | Volcano  | Entered a volcano
 18828 | Volcano  | Reached skill level 10 in Short Blades
 20195 | Lair:5   | Reached skill level 10 in Hexes
 20348 | Lair:5   | Reached skill level 10 in Fighting
 20348 | Lair:5   | Reached skill level 10 in Long Blades
 20348 | Lair:5   | Reached skill level 10 in Axes
 20348 | Lair:5   | Reached skill level 10 in Maces & Flails
 20348 | Lair:5   | Reached skill level 10 in Polearms
 20348 | Lair:5   | Reached skill level 10 in Staves
 20348 | Lair:5   | Reached skill level 10 in Ranged Weapons
 20348 | Lair:5   | Reached skill level 10 in Throwing
 20348 | Lair:5   | Reached skill level 10 in Armour
 20348 | Lair:5   | Reached skill level 10 in Shields
 20348 | Lair:5   | Reached skill level 10 in Unarmed Combat
 20348 | Lair:5   | Reached skill level 10 in Evocations
 20799 | Lair:5   | Reached XP level 15. HP: 115/115 MP: 27/30
 21023 | Orc:1    | Entered Level 1 of the Orcish Mines
 21079 | Orc:1    | Noticed Nergalle
 21382 | D:11     | Killed Nergalle
 21506 | Orc:1    | Found a burning altar of Makhleb.
 21853 | Orc:2    | Entered Level 2 of the Orcish Mines
 22210 | Orc:2    | Noticed Jorgrun
 22406 | Orc:2    | Found a staircase to the Elven Halls.
 22531 | Orc:2    | Killed Jorgrun
 23275 | Orc:2    | Found Seuhax's Antique Weapon Boutique.
 23277 | Orc:2    | Found Wasy's Magic Scroll Shoppe.
 23281 | Orc:2    | Bought a crystal quick blade for 520 gold pieces
 23281 | Orc:2    | Identified the +1 quick blade "Xonolexi" {elec, Int+4} (You
                  | bought it in a shop on level 2 of the Orcish Mines)
 23286 | Orc:2    | Bought 2 scrolls of fear for 128 gold pieces
 23286 | Orc:2    | Bought a scroll of identify for 32 gold pieces
 23286 | Orc:2    | Bought a scroll of teleportation for 48 gold pieces
 23286 | Orc:2    | Bought a scroll of identify for 32 gold pieces
 23286 | Orc:2    | Bought a scroll of immolation for 64 gold pieces
 23288 | Orc:2    | Found Zyeb's Jewellery Shop.
 23289 | Orc:2    | Found Vocrebil's Distillery.
 23541 | Orc:2    | Bought a potion of lignification for 36 gold pieces
 23541 | Orc:2    | Bought a potion of curing for 36 gold pieces
 23541 | Orc:2    | Bought a potion of curing for 36 gold pieces
 23541 | Orc:2    | Bought a potion of invisibility for 96 gold pieces
 23541 | Orc:2    | Bought 2 potions of enlightenment for 120 gold pieces
 23541 | Orc:2    | Bought a potion of cancellation for 96 gold pieces
 23586 | D:12     | Found a shadowy altar of Dithmenos.
 23677 | D:12     | Found a runed translucent gate.
 23678 | D:12     | Found a runed translucent gate.
 23679 | D:12     | Found a runed translucent gate.
 24884 | D:13     | Reached skill level 10 in Shapeshifting
 24998 | D:13     | Identified a scroll of acquirement
 25000 | D:13     | Acquired 787 gold pieces
 25071 | D:13     | Reached XP level 16. HP: 83/124 MP: 29/32
 25473 | D:13     | Found a gate to the Vaults.
 25575 | D:14     | Found Dotwyina's Book Emporium.
 25606 | D:14     | Found Pikyar's Armour Boutique.
 25612 | D:14     | Bought the +3 pair of mountain boots {steadfast, rC+} for
                  | 469 gold pieces
 25612 | D:14     | Found the +3 pair of mountain boots {steadfast, rC+}
 25637 | D:14     | Found Jygu's Antique Weapon Boutique.
 25680 | D:14     | Found Hykhorec's Jewellery Boutique.
 25844 | D:14     | Found Ryng's General Store.
 25849 | D:14     | Bought a potion of ambrosia for 120 gold pieces
 25849 | D:14     | Bought a potion of invisibility for 120 gold pieces
 26144 | D:14     | Identified the ring "Waxu Her" {rF+ MP+9 AC+4}
 26861 | D:15     | Entered Level 15 of the Dungeon
 27297 | D:15     | Found Subenel's General Store.
 27300 | D:15     | Bought a scroll of teleportation for 45 gold pieces
 27300 | D:15     | Bought 5 atropa-tipped darts for 67 gold pieces
 27680 | D:15     | Acquired 874 gold pieces
 27719 | D:15     | Found a staircase to the Depths.
 28071 | D:14     | Bought a ring of willpower for 325 gold pieces
 28277 | Spider:1 | Entered Level 1 of the Spider Nest
 28656 | Spider:1 | Noticed Louise
 28666 | Spider:1 | Killed Louise
 29802 | Spider:2 | Reached XP level 17. HP: 51/133 MP: 30/33
 30356 | Spider:2 | Noticed Agnes
 30361 | Spider:2 | Killed Agnes
 30458 | Spider:2 | Reached skill level 10 in Conjurations
 30458 | Spider:2 | Reached skill level 10 in Summonings
 30458 | Spider:2 | Reached skill level 10 in Necromancy
 30458 | Spider:2 | Reached skill level 10 in Translocations
 30458 | Spider:2 | Reached skill level 10 in Fire Magic
 30458 | Spider:2 | Reached skill level 10 in Ice Magic
 30458 | Spider:2 | Reached skill level 10 in Air Magic
 30458 | Spider:2 | Reached skill level 10 in Earth Magic
 30458 | Spider:2 | Reached skill level 10 in Alchemy
 30776 | Spider:3 | Identified the +2 robe of Yvieggu {Archmagi}
 31734 | Spider:3 | Learned a level 4 spell: Animate Dead
 31741 | Spider:3 | Learned a level 6 spell: Death Channel
 31749 | Spider:3 | Learned a level 7 spell: Enfeeble
 32976 | Spider:4 | Entered Level 4 of the Spider Nest
 34554 | Spider:4 | Reached XP level 18. HP: 109/141 MP: 35/35
 35874 | Spider:4 | Got a gossamer rune of Zot
 36935 | Shoals:1 | Entered Level 1 of the Shoals
 38087 | Shoals:2 | Noticed Donald
 38102 | Shoals:2 | Killed Donald
 38323 | Shoals:2 | Noticed Polyphemus
 39557 | Shoals:3 | Identified the +1 robe "Qomp" {Str+3 Dex+4}
 39690 | Shoals:3 | Learned a level 6 spell: Dispersal
 39717 | Shoals:3 | Identified the +0 robe of the Untouchables {rC+}
 40634 | Shoals:4 | Entered Level 4 of the Shoals
 40754 | Shoals:4 | Identified the ring of Eternal Harmony {Str+2 Dex+6}
 40774 | Shoals:4 | Identified the ring "Ranetto" {Wiz rPois rF+ Int+2 Dex-3}
 40783 | Shoals:4 | Paralysed by an air elemental for 1 turns
 40783 | Shoals:4 | HP: 4/142 [air elemental/stunning burst (10)]
 40787 | Shoals:4 | Paralysed by an air elemental for 1 turns
 40790 | Shoals:4 | Paralysed by an air elemental for 1 turns
 41384 | Shoals:4 | Paralysed by an air elemental for 1 turns
 41512 | Shoals:4 | Identified the +8 broad axe of Oqobro {freeze, ^Fragile
                  | rC++ MP+9 Dex+3}
 42122 | Shoals:4 | Got the Volume of Massed Electricity
 42128 | Shoals:4 | Got a barnacled rune of Zot
 42448 | Shoals:4 | Paralysed by an air elemental for 1 turns
 42509 | Shoals:4 | Reached XP level 19. HP: 134/149 MP: 37/37
 42576 | Shoals:4 | Found a blossoming altar of Fedhas.
 42583 | Shoals:4 | Got Oxzo's Meditations on Ice
 43355 | Shoals:4 | Found an iron altar of Okawaru.
 43643 | Shoals:4 | Found an iron altar of Okawaru.
 44028 | Shoals:4 | Found a blossoming altar of Fedhas.
 44345 | Shoals:2 | Killed Polyphemus
 45600 | Lair:5   | Killed Rupert
 46822 | D:12     | Found a runed translucent gate.
 46822 | D:12     | Found a runed translucent gate.
 46827 | D:12     | Found a runed translucent gate.
 46842 | D:12     | Noticed Kenran's ghost (journeyman MfSh)
 46975 | Elf:1    | Entered Level 1 of the Elven Halls
 47334 | Elf:1    | Paralysed by an air elemental for 1 turns
 48493 | Elf:1    | Found the +4 skin of Zhor {*Englaciate rC+++ SInv}
 48630 | Elf:1    | Found Koel's Antique Armour Emporium.
 48636 | Elf:1    | Bought a shiny helmet for 142 gold pieces
 48803 | Elf:1    | Found a huge runed translucent gate.
 48804 | Elf:1    | Found a huge runed translucent gate.
 48805 | Elf:1    | Found a huge runed translucent gate.
 48805 | Elf:1    | Found a huge runed translucent gate.
 48805 | Elf:1    | Found a huge runed translucent gate.
 48806 | Elf:1    | Found a huge runed translucent gate.
 48806 | Elf:1    | Found a huge runed translucent gate.
 48806 | Elf:1    | Found a huge runed translucent gate.
 48806 | Elf:1    | Found a huge runed translucent gate.
 48806 | Elf:1    | Found a huge runed translucent gate.
 48807 | Elf:1    | Found a huge runed translucent gate.
 48807 | Elf:1    | Found a huge runed translucent gate.
 48807 | Elf:1    | Found a huge runed translucent gate.
 48807 | Elf:1    | Found a huge runed translucent gate.
 48807 | Elf:1    | Found a huge runed translucent gate.
 48808 | Elf:1    | Found a huge runed translucent gate.
 48808 | Elf:1    | Found a huge runed translucent gate.
 48808 | Elf:1    | Found a huge runed translucent gate.
 48808 | Elf:1    | Found a huge runed translucent gate.
 48808 | Elf:1    | Found a huge runed translucent gate.
 48863 | Elf:1    | Paralysed by an air elemental for 1 turns
 48987 | Elf:1    | Shot with an arrow by a deep elf master archer

Illustrated notes

Levels and vault maps discovered:
D:1:      spicycebolla_arrival_ecumenical, layout_basic, serial_glass,
          glass_columns_b, glass_columns_a
D:2:      layout_rooms, serial_shops, nicolae_shop_peninsula, uniq_jessica
D:3:      layout_loops_ring, mainiacjoe_overflow_alcove_4, gup_sewer_entry_bowl
D:4:      layout_loops_ring, kennysheep_little_box, lemuel_crystal_altar,
          mainiacjoe_overflow_chevrons
D:5:      layout_basic, mainiacjoe_overflow_brackets,
          minmay_temple_entry_butterflies, uniq_pikel
D:6:      layout_rooms, serial_undead, serial_undead_d, serial_undead_c,
          serial_undead_e, serial_undead_b, minmay_chambers_of_fives,
          uniq_sigmund, uniq_duvessa, uniq_blork_the_orc
D:7:      minmay_chambers_of_sixes, layout_basic,
          nicolae_wu_jian_immortal_techniques, hellmonk_guarded_unrand_night,
          uniq_maurice
D:8:      layout_layer_cave, due_lair_maze_entry_diamond,
          minmay_strange_pillars, uniq_grum
D:9:      layout_basic, tso_altar, minmay_misc_feat_iff, minmay_lizard_king,
          uniq_joseph
D:10:     layout_loops_ring, nicolae_overflow_hidden_temple, hangedman_fish_farm
D:11:     layout_roguey, orc_0_dummy, portal_ice_cave_entry_animals_and_master,
          nicolae_uskayaw_murder_on_the_dancefloor, uniq_amaemon, uniq_sonja,
          uniq_urug
D:12:     layout_basic, ploomutoo_gammafunk_ghost_potion_laboratory,
          serial_co_window_serial, co_window_paths_b, co_window_paths_b,
          co_window_paths_b, co_window_corner_a, co_window_paths_a,
          co_window_broadway_b, co_window_broadway_b, co_window_2corner,
          co_window_broadway_c, co_window_paths_d, glass_columns_a,
          nicolae_dithmenos_shadow_blocks
D:13:     layout_basic, hangedman_vaults_entry_quadrant_bands
D:14:     layout_grid_maze, serial_shops, nicolae_shop_tiny_waterfront,
          nicolae_shop_just_a_little_nook, nicolae_stop_n_shop_2,
          nicolae_shop_tiny_real_fake_doors, shop, kennysheep_just_a_vault
D:15:     grunt_enter_depths_snipers, layout_small_grid, serial_shops,
          nicolae_shop_pleasant_corner_grove, hangedman_batty
Temple:   compressed_dpeg_circular_temple
Lair:1:   layout_roguey
Lair:2:   layout_long_grid, nicolae_shoals_entry_roost
Lair:3:   layout_gridlike, nicolae_spider_entry_non_spiders,
          nicolae_lair_run_with_the_wolves, grunt_megastairs_3,
          infiniplex_staircase_pool, serial_bayou_shore_b
Lair:4:   layout_roguey, minmay_slime_entry_pillars, minivault_27, st_stairs_4
Lair:5:   minmay_lair_end_enchanted_forest, layout_regular_city,
          nicolae_volcano_entry_batcave, uniq_rupert
Shoals:1: layout_shoals
Shoals:2: layout_shoals, uniq_donald, uniq_polyphemus
Shoals:3: layout_shoals, nicolae_shoals_kraken_intersection
Shoals:4: shoals_end_hellmonk_storm_palace [storm_palace_center_circular,
          storm_palace_corner_altar, storm_palace_corner_blocked,
          storm_palace_corner_pillars, storm_palace_corner_altar]
Spider:1: layout_chambers, uniq_louise
Spider:2: layout_spider_delve, nicolae_spider_webbed_stairs, uniq_agnes
Spider:3: layout_cave_pods
Spider:4: spider_rune_water
Orc:1:    layout_diamond_mine, basic_altar, nooodl_orcs_dogs, uniq_nergalle
Orc:2:    st_orc_open, layout_diamond_mine, uniq_jorgrun
Elf:1:    minmay_elf_arrival_plus, layout_rooms, serial_shops,
          nicolae_shop_gibbet_a_chance, hangedman_elf_represent

Skill      XL: |  1  2  3  4  5  6  7  8  9 10 11 12 13 14 15 16 17 18 19 |
---------------+----------------------------------------------------------+-----
Spellcasting   | 5 6 7 8 9 10 11 12 13 14 | 14.5
Stealth        | 6 7 8 9 10 11 12 13 14 | 14.8
Fighting       | 1 2 3 4 5 6 7 8 9 10 11 12 13 | 13.7
Long Blades    | 1 2 3 4 5 6 7 8 9 10 11 12 13 | 13.7
Axes           | 1 2 3 4 5 6 7 8 9 10 11 12 13 | 13.7
Maces & Flails | 1 2 3 4 5 6 7 8 9 10 11 12 13 | 13.7
Polearms       | 1 2 3 4 5 6 7 8 9 10 11 12 13 | 13.7
Staves         | 1 2 3 4 5 6 7 8 9 10 11 12 13 | 13.7
Ranged Weapons | 1 2 3 4 5 6 7 8 9 10 11 12 13 | 13.7
Throwing       | 1 2 3 4 5 6 7 8 9 10 11 12 13 | 13.7
Armour         | 1 2 3 4 5 6 7 8 9 10 11 12 13 | 13.7
Shields        | 1 2 3 4 5 6 7 8 9 10 11 12 13 | 13.7
Unarmed Combat | 1 2 3 4 5 6 7 8 9 10 11 12 13 | 13.7
Invocations    | 1 2 3 4 5 6 7 8 10 11 12 13 14 | 14.8
Evocations     | 1 2 3 4 5 6 7 8 9 10 11 12 13 | 13.7
Shapeshifting  | 1 2 3 4 5 6 7 8 9 10 11 12 | 12.6
Conjurations   | 1 2 3 4 5 6 7 8 9 10 11 | 11.6
Summonings     | 1 2 3 4 5 6 7 8 9 10 11 | 11.6
Necromancy     | 1 2 3 4 5 6 7 8 9 10 11 | 11.6
Translocations | 1 2 3 4 5 6 7 8 9 10 11 | 11.6
Fire Magic     | 1 2 3 4 5 6 7 8 9 10 11 | 11.6
Ice Magic      | 1 2 3 4 5 6 7 8 9 10 11 | 11.6
Air Magic      | 1 2 3 4 5 6 7 8 9 10 11 | 11.6
Earth Magic    | 1 2 3 4 5 6 7 8 9 10 11 | 11.6
Alchemy        | 1 2 3 4 5 6 7 8 9 10 11 | 11.6
Short Blades   | 3 4 5 6 7 8 9 10 11 12 13 | 13.9
Dodging        | 5 6 7 8 9 10 11 12 13 14 | 14.4
Hexes          | 6 7 8 9 10 11 12 | 12.8

Action                     |  1- 3 |  4- 6 |  7- 9 | 10-12 | 13-15 | 16-18 | 19-21 || total
---------------------------+-------+-------+-------+-------+-------+-------+-------++-------
  Melee: Dagger            |    64 |    73 |       |       |       |       |       ||   137
         Bite              |     3 |     4 |    22 |    26 |    97 |   207 |    61 ||   420
         Punch             |     2 |     2 |     5 |    19 |    45 |   140 |    45 ||   258
         Rapier            |       |    70 |   208 |   327 |   693 |       |       ||  1298
         Quick blade       |       |       |       |       |    94 |  1373 |   413 ||  1880
  Throw: Dart              |       |       |     1 |     1 |    15 |     7 |     1 ||    25
   Cast: Ensorcelled Hiber |    12 |    18 |    61 |    85 |   167 |    95 |    14 ||   452
         Tukima's Dance    |       |     3 |       |     1 |     1 |       |       ||     5
         Dazzling Flash    |       |       |    10 |    45 |    86 |    64 |    20 ||   225
         Confusing Touch   |       |       |    19 |     7 |    10 |     2 |       ||    38
         Mephitic Cloud    |       |       |       |       |     4 |     3 |     5 ||    12
         Enfeeble          |       |       |       |       |       |    11 |     8 ||    19
         Yara's Violent Un |       |       |       |       |       |     3 |       ||     3
         Dispersal         |       |       |       |       |       |     2 |     2 ||     4
         Animate Dead      |       |       |       |       |       |     1 |       ||     1
         Death Channel     |       |       |       |       |       |     1 |       ||     1
    Use: Potion            |       |       |     4 |       |     3 |    13 |       ||    20
         Scroll            |       |       |       |    17 |    12 |    20 |     1 ||    50
   Stab: Sleeping          |    17 |    16 |    29 |    75 |   112 |   136 |     4 ||   389
         Distracted        |       |     2 |     1 |     1 |     5 |    13 |     3 ||    25
         Invisible         |       |       |     7 |    18 |    65 |    82 |    26 ||   198
         Confused          |       |       |     8 |     2 |    13 |     5 |       ||    28
         Paralysed         |       |       |     6 |    21 |    66 |    64 |    32 ||   189
 Armour: Robe              |    30 |    45 |   147 |   210 |   455 |   528 |   158 ||  1573
  Dodge: Dodged            |    34 |    87 |   212 |   298 |   925 |   885 |   173 ||  2614
